 Dungeon Crawl Stone Soup version 0.30-a0-222-ge547ba4400 (webtiles) character file.

Game seed: 78659095102226717

34022 MrRokkomies the Fighter (level 13, -1/120 HPs)
             Began as an Armataur Brigand on Oct 8, 2022.
             Was a Follower of Uskayaw.
             Killed from afar by Jorgrun (49 damage)
             ... with an iron shot
             ... on level 1 of the Orcish Mines.
             The game lasted 01:03:24 (18212 turns).

MrRokkomies the Fighter (Armataur Brigand)         Turns: 18212, Time: 01:03:24

Health: -1/120     AC: 16    Str: 18    XL:     13   Next: 39%
Magic:  19/19      EV: 16    Int: 12    God:    Uskayaw [*.....]
Gold:   1041       SH:  0    Dex: 19    Spells: 3/12 levels left

rFire   + . .      SeeInvis .    b - +9 broad axe of Coreamoi {flame, Dex+4 Stlth+}
rCold   + . .      Faith    .    (no shield)
rNeg    . . .      Spirit   .    Q - +2 robe {rC+ rF+}
rPois   +          Reflect  .    J - +2 hat
rElec   .          Harm     .    c - +0 cloak
rCorr   .          Roll     +    h - +1 pair of gloves
Will    .....                    A - +1 barding
Stlth   ++++++....               W - amulet of magic regeneration
HPRegen 0.40/turn                P - ring of wizardry
MPRegen 0.56/turn                S - ring of Piwni {rPois EV+4}

@: no status effects
A: large, rugged brown scales 3, deformed body, armoured tail, roll, long
tongue, awkward tongue
a: Renounce Religion, Stomp


You were on level 1 of the Orcish Mines.
You worshipped Uskayaw.
Uskayaw was aware of your devotion.
You visited 4 branches of the dungeon, and saw 18 of its levels.
You also visited: Gauntlet.

You collected 1890 gold pieces.
You spent 849 gold pieces at shops.

Inventory:

Hand Weapons
 a - a +3 dagger of venom
 b - the +9 broad axe of Coreamoi (weapon) {flame, Dex+4 Stlth+}
   (You found it on level 1 of the Lair of Beasts)

   It burns those it strikes, dealing additional fire damage.
   Big, fiery blades are also staple armaments of hydra-hunters.
   Dex:       It affects your dexterity (+4).
   Stlth:     It makes you more stealthy.
 i - a +0 battleaxe
 N - a +1 short sword of electrocution
Missiles
 d - 8 poisoned darts (quivered)
 e - 9 curare-tipped darts
 m - 5 boomerangs of dispersal
 M - 8 javelins
 V - 5 silver javelins
Armour
 c - a +0 cloak (worn)
 h - a +1 pair of gloves (worn)
 p - a +0 helmet
 y - +1 steam dragon scales
 A - a +1 barding (worn)
 J - a +2 hat (worn)
 Q - a +2 robe of resistance (worn)
 T - a +1 chain mail of positive energy
Magical Staves
 X - a staff of death
Jewellery
 B - a ring of poison resistance
 P - a ring of wizardry (left hand)
 S - the ring of Piwni (right hand) {rPois EV+4}
   (You found it in a Gauntlet)

   [ring of evasion]

   EV:        It affects your evasion (+4).
   rPois:     It protects you from poison.
 W - an amulet of magic regeneration (around neck)
Wands
 j - a wand of iceblast (22)
 k - a wand of flame (49)
 q - a wand of digging (5)
 s - a wand of mindburst (20)
 u - a wand of paralysis (11)
 D - a wand of polymorph (13)
Scrolls
 g - 5 scrolls of magic mapping
 l - 7 scrolls of teleportation
 n - a scroll of poison
 r - a scroll of blinking
 x - 3 scrolls of vulnerability
 C - 2 scrolls of butterflies
 F - 2 scrolls of fear
 G - 3 scrolls of identify
 I - 2 scrolls of enchant weapon
 U - a scroll of brand weapon {unknown}
Potions
 f - 2 potions of curing
 o - a potion of attraction
 t - a potion of lignification
 v - 4 potions of mutation
 z - a potion of flight
 H - a potion of ambrosia
 K - a potion of brilliance
 L - 2 potions of might
 Y - a potion of haste
Miscellaneous
 O - a phial of floods
 R - a lightning rod (inert)


   Skills:
 - Level 10.0 Fighting
 - Level 10.0 Short Blades
 * Level 7.4 Axes
 - Level 1.7 Throwing
 + Level 7.3 Dodging
 - Level 10.0 Stealth
 * Level 8.2 Invocations
 + Level 5.6 Evocations


You had 3 spell levels left.
You knew the following spells:

 Your Spells              Type           Power      Damage    Failure   Level
a - Ensorcelled Hibernat  Hex/Ice        0%         N/A       21%         2
b - Mephitic Cloud        Conj/Pois/Air  0%         N/A       36%         3
c - Manifold Assault      Tloc           0%         N/A       75%         4

Your spell library contained the following spells:

 Spells                   Type           Power      Damage    Failure   Level
 Apportation              Tloc           0%         N/A       13%         1
 Sandblast                Erth           0%         2d4       13%         1
 Blink                    Tloc           0%         N/A       21%         2
 Cigotuvi's Dreadful Rot  Necr/Pois/Air  0%         N/A       21%         2
 Passwall                 Tmut/Erth      0%         N/A       21%         2
 Poisonous Vapours        Pois/Air       0%         N/A       21%         2
 Spider Form              Tmut/Pois      0%         N/A       36%         3
 Stone Arrow              Conj/Erth      0%         3d7       36%         3
 Airstrike                Air            0%         2d(0-16)  75%         4
 Anguish                  Hex/Necr       0%         N/A       75%         4
 Summon Lightning Spire   Summ/Air       0%         N/A       75%         4
 Alistair's Intoxication  Tmut/Pois      0%         N/A       97%         5
 Lightning Bolt           Conj/Air       0%         1d11      97%         5
 Yara's Violent Unravell  Hex/Tmut       0%         3d3       97%         5
 Enfeeble                 Hex            0%         N/A       100%        7
 Storm Form               Tmut/Air       0%         N/A       100%        7


Dungeon Overview and Level Annotations

Branches:
Dungeon (12/15)            Temple (1/1) D:5            Lair (3/5) D:9
    Orc (2/2) D:12            Elf (0/3) Orc:2       Gauntlet (visited)
  Swamp: Lair:2-3    Shoals: Lair:2-3     Snake: Lair:2-3    Spider: Lair:2-3

Altars:
Ashenzari
Cheibriados
Dithmenos
Elyvilon
Fedhas
Gozag
Hepliaklqana
Kikubaaqudgha
Makhleb
Okawaru
Qazlal
Ru
Uskayaw
Vehumet
Wu Jian
Yredelemnul
The Shining One
Jiyva

Shops:
D:10 ?   Orc:2 ?[!(

Annotations:
D:6 2 runed translucent doors
D:12 1 transporter
Lair:1 3 runed translucent doors, Shavain's ghost, novice DgHu
Orc:1 Jorgrun
Orc:2 2 runed translucent doors, exclusion: orange crystal statue


Innate Abilities, Weirdness & Mutations

You are completely covered in rugged brown scales. (AC +3, +7% HP)
Armour fits poorly on your strangely shaped body.
You have a long armoured tail.
You roll when moving toward enemies. (Rampage)
Your long tongue fully drains potion bottles. (2x potion effects)
Your tongue gives you trouble enunciating. (1.5x scroll delay)


Message History

The orc warrior hits you from afar with a +0 trident.
Jorgrun hits you with a +0 vorpal quarterstaff.
The orc warrior barely misses you. The orc hits you but does no damage.
An orc warrior comes into view. It is wielding a +0 halberd.
Jorgrun hits you but does no damage.
You feel less confused.
The orc warrior shouts!
You hear a shout! x3
The orc hits you but does no damage.
The orc warrior hits you from afar with a +0 trident!
Jorgrun hits you with a +0 vorpal quarterstaff!
The orc warrior hits you from afar with a +0 trident.
The orc hits you but does no damage. Jorgrun hits you but does no damage.
You turn to flesh and can move again.
Really read the scroll of immolation?
As you read the scroll of immolation, it crumbles to dust.
The creatures around you are filled with an inner flame!
An orc comes into view. It is wielding a +0 club.
The orc warrior barely misses you.
An orc priest comes into view. It is wielding a +0 dagger.
The orc warrior unwields a +1 war axe of electrocution.
It stops crackling.
The orc warrior wields a +0 arbalest.
The orc warrior shoots a bolt.
The bolt misses you. Jorgrun closely misses you.
The orc warlord shouts!
The orc priest shouts!
The orc warrior shouts!
You can no longer pass through a line of other dancers.
Unknown command.
You hit Jorgrun.
Flame seeps out of Jorgrun.
You burn Jorgrun.
Flame seeps out of Jorgrun.
Jorgrun is lightly wounded.
You hit the orc. You burn the orc.
The orc explodes!
The fiery explosion engulfs you! You resist.
You are engulfed in blazing flames.
You resist.
The orc warrior hits you from afar with a +0 trident.
The orc warlord roars a battlecry!
The orcs go into a battle-frenzy!
Jorgrun is engulfed in blazing flames.
Flame seeps out of Jorgrun.
Jorgrun says, "May tha earth consume ye!"
Jorgrun casts a spell at you. The iron shot hits you!!!
You die...

$.......$## .##.......#
....... ..#....#.# .......
........# ## .......
.)......####.#####.#.....
))).....#.###.#.#.........
#..).......###.§§#........
...).....).#.#.§§§.......o
....$..........§@§o.......
.#..$...##......)go)......
.......#.#..)).).o........
..........#$.....)..o.....
.#.......###...#.........o
###.#..#.# ##...#.........
#....... ##.####oooo... .
## ### .oO.... #......


You could see Jorgrun (inner flame), an orc warlord (inner flame), 5 orc
warriors, an ogre (wandering, inner flame), an orc priest (strong) and 2 orcs.

Vanquished Creatures
  Gastronok (D:10)
  An orc warlord (Orc:1)
  A minotaur (Gauntlet)
  A fire dragon (Lair:1)
  A two-headed ogre (D:11)
  Urug (D:11)
  Nergalle (Lair:1)
  4 skeletal warriors (D:12)
  An orc sorcerer (Orc:1)
  A cyclops (D:12)
  3 manticores (D:12)
  An ugly thing (D:11)
  A worldbinder (Gauntlet)
  A black mamba (Lair:1)
  Joseph (Lair:1)
  9 centaur zombies (D:12)
  A gargoyle (D:12)
  A rust devil (Gauntlet)
  3 rime drakes (Lair:2)
  3 cane toads
  An unseen horror (D:12)
  7 komodo dragons
  3 trolls
  A raiju (Gauntlet)
  7 blink frogs
  Sigmund (D:5)
  5 shadows
  A wyvern (Lair:1)
  3 wraiths
  2 ynoxinuls (Gauntlet)
  8 yaks (Lair:1)
  A vampire (D:12)
  4 steam dragons
  2 basilisks
  Edmund (D:5)
  15 vampire mosquitoes
  4 water moccasins
  2 ice beasts
  7 black bears
  16 orc warriors
  A sky beast (D:6)
  7 ogres
  2 boggarts (Gauntlet)
  9 wolves
  A phantom (D:5)
  7 centaurs
  A kobold brigand (D:9)
  14 bullfrogs
  A gnoll sergeant (D:9)
  2 necrophages
  7 scorpions
  6 killer bees (D:7)
  2 vampire bats (D:10)
  16 orc priests
  A hound (D:7)
  Crazy Yiuf (D:4)
  Ijyb (D:3)
  4 iron imps (Gauntlet)
  4 hell rats (Lair:3)
  2 iguanas (D:6)
  Terence (D:2)
  23 orc wizards
  A mummy (D:7)
  15 adders
  4 gnolls (D:9)
  2 shadow imps
  A white imp (D:6)
  An ufetubus (D:6)
  3 worms
  3 dart slugs
  95 orcs
  2 bat skeletons (D:10)
  3 bat zombies (D:10)
  7 endoplasms
  5 giant cockroaches
  6 goblins
  6 hobgoblins
  4 jackals (D:1)
  2 quokkas
  5 ball pythons
  9 bats
  4 frilled lizards
  A hobgoblin zombie (D:7)
  9 kobolds
  A kobold zombie (D:7)
  2 orc zombies (D:7)
  8 rats
440 creatures vanquished.

Vanquished Creatures (others)
  An orc wizard (Orc:2)
  5 fungi
  A plant (Lair:1)
7 creatures vanquished.

Grand Total: 447 creatures vanquished

Notes
Turn   | Place    | Note
-------+----------+-------------------------------------------
     0 | D:1      | MrRokkomies the Armataur Brigand began the quest for the
                  | Orb.
     0 | D:1      | Reached XP level 1. HP: 18/18 MP: 1/1
   121 | D:1      | Reached XP level 2. HP: 24/25 MP: 2/2
   195 | D:1      | Reached skill level 1 in Dodging
   258 | D:1      | Found a faded altar of an unknown god.
   476 | D:1      | Reached XP level 3. HP: 32/32 MP: 3/3
  1273 | D:2      | Noticed Terence
  1275 | D:2      | Killed Terence
  1276 | D:2      | Reached XP level 4. HP: 39/39 MP: 4/4
  1741 | D:3      | Noticed a black bear
  1754 | D:3      | Killed a black bear
  1755 | D:3      | Reached skill level 5 in Stealth
  1755 | D:3      | Reached XP level 5. HP: 23/48 MP: 5/5
  1934 | D:3      | Learned a level 2 spell: Ensorcelled Hibernation
  2055 | D:3      | Noticed Ijyb
  2068 | D:3      | Killed Ijyb
  2137 | D:3      | Reached XP level 6. HP: 53/54 MP: 6/6
  2244 | D:3      | Found a blossoming altar of Fedhas.
  2562 | D:4      | Reached XP level 7. HP: 60/63 MP: 7/7
  2645 | D:4      | Found a white marble altar of Elyvilon.
  2654 | D:4      | Found a sacrificial altar of Ru.
  2698 | D:4      | Found a runed translucent door.
  2699 | D:4      | Noticed Crazy Yiuf
  3075 | D:4      | Killed Crazy Yiuf
  3096 | D:5      | Entered Level 5 of the Dungeon
  3206 | D:5      | Noticed Edmund
  3212 | D:5      | Killed Edmund
  3317 | D:5      | Noticed Sigmund
  3318 | D:5      | Killed Sigmund
  3319 | D:5      | Reached skill level 5 in Fighting
  3319 | D:5      | Reached skill level 5 in Short Blades
  3319 | D:5      | Reached XP level 8. HP: 72/72 MP: 8/8
  3374 | D:5      | Found a glowing golden altar of the Shining One.
  3524 | D:5      | Found an ornate altar of the Wu Jian Council.
  3983 | D:5      | Found a staircase to the Ecumenical Temple.
  3992 | Temple   | Entered the Ecumenical Temple
  4060 | Temple   | Became a worshipper of Uskayaw the Reveller
  4092 | D:5      | Found a burning altar of Makhleb.
  4507 | D:6      | Reached * piety under Uskayaw
  4718 | D:6      | Reached ** piety under Uskayaw
  4946 | D:6      | Reached *** piety under Uskayaw
  4986 | D:6      | Found a stormy altar of Qazlal.
  5092 | D:6      | Reached XP level 9. HP: 44/83 MP: 9/9
  5487 | D:6      | Found a large runed translucent door.
  5488 | D:6      | Found a large runed translucent door.
  5589 | D:7      | Reached **** piety under Uskayaw
  5703 | D:7      | Reached ***** piety under Uskayaw
  6440 | D:8      | Found an opulent altar of Gozag.
  7274 | D:9      | Found a staircase to the Lair.
  7357 | D:9      | Reached XP level 10. HP: 94/94 MP: 10/10
  7913 | D:10     | Entered Level 10 of the Dungeon
  8218 | Lair:1   | Entered Level 1 of the Lair of Beasts
  8252 | Lair:1   | Noticed a cane toad
  8271 | Lair:1   | Killed a cane toad
  8449 | Lair:1   | Reached skill level 5 in Dodging
  8655 | Lair:1   | Found a runed translucent gate.
  8661 | Lair:1   | Found a runed translucent gate.
  8661 | Lair:1   | Found a runed translucent gate.
  8663 | Lair:1   | Noticed Shavain's ghost (novice DgHu)
  8675 | Lair:1   | Noticed Joseph
  8682 | Lair:1   | Noticed a black mamba
  8687 | Lair:1   | Noticed Nergalle
  8715 | Lair:1   | Killed Joseph
  8756 | Lair:1   | Killed a black mamba
  8757 | Lair:1   | Reached XP level 11. HP: 18/103 MP: 11/11
  9813 | Lair:1   | Noticed a fire dragon
  9821 | Lair:1   | Killed a fire dragon
  9833 | Lair:1   | Identified the +9 broad axe of Coreamoi {flame, Dex+4
                  | Stlth+}
  9989 | Lair:1   | Found a viscous altar of Jiyva.
  9989 | Lair:1   | Found the ring of the Mage {Wiz Archmagi}
 10045 | Lair:1   | Reached skill level 1 in Axes
 10208 | Lair:1   | Killed Nergalle
 10550 | Lair:2   | Reached skill level 10 in Fighting
 10554 | Lair:2   | Reached skill level 10 in Short Blades
 10691 | Lair:2   | Reached skill level 10 in Stealth
 10734 | Lair:2   | Reached skill level 1 in Invocations
 10957 | Lair:2   | Reached skill level 1 in Evocations
 11350 | Lair:3   | Identified a scroll of acquirement
 11350 | Lair:3   | Acquired 272 gold pieces
 11606 | Lair:3   | Noticed a death yak
 11612 | Lair:3   | Noticed a seven-headed hydra
 11616 | Lair:3   | Noticed a death yak
 11617 | Lair:3   | Noticed a death yak
 11619 | Lair:3   | HP: 3/105 [basilisk (14)]
 12306 | D:10     | Noticed Gastronok
 12336 | D:10     | Killed Gastronok
 12337 | D:10     | Reached XP level 12. HP: 102/113 MP: 14/14
 12475 | D:10     | Found an ancient bone altar of Kikubaaqudgha.
 12631 | D:10     | Found Maneji Lucla's Magic Scroll Shop.
 13034 | D:11     | Noticed a two-headed ogre
 13045 | D:11     | Killed a two-headed ogre
 13486 | D:11     | Noticed Urug
 13498 | D:11     | Killed Urug
 13499 | D:11     | Reached skill level 5 in Invocations
 13658 | D:11     | Found a sacrificial altar of Ru.
 14219 | D:12     | Reached skill level 5 in Axes
 14490 | D:12     | Found a staircase to the Orcish Mines.
 14805 | D:12     | Found a transporter.
 15491 | D:12     | Reached XP level 13. HP: 32/120 MP: 18/18
 16348 | Orc:1    | Entered Level 1 of the Orcish Mines
 16416 | Orc:1    | Reached skill level 5 in Evocations
 16697 | Orc:2    | Entered Level 2 of the Orcish Mines
 16844 | Orc:2    | Found Eromn's Magic Scroll Shop.
 16848 | Orc:2    | Found Usedohoes's Distillery.
 16852 | Orc:2    | Found a gate leading to a gauntlet.
 16865 | Gauntlet | Entered a Gauntlet
 16865 | Gauntlet | Found a transporter.
 16865 | Gauntlet | Found a transporter.
 16865 | Gauntlet | Found a transporter.
 16935 | Gauntlet | Found a transporter.
 16939 | Gauntlet | Found a transporter.
 16941 | Gauntlet | Found a large runed translucent door.
 16942 | Gauntlet | Found a large runed translucent door.
 16943 | Gauntlet | Found a large runed translucent door.
 16943 | Gauntlet | Found a large runed translucent door.
 16943 | Gauntlet | Found a runed translucent door.
 16943 | Gauntlet | Found a runed translucent door.
 16944 | Gauntlet | Found a large runed translucent door.
 16945 | Gauntlet | Found a large runed translucent door.
 16946 | Gauntlet | Found a large runed translucent door.
 16946 | Gauntlet | Found a large runed translucent door.
 16947 | Gauntlet | Found a runed translucent gate.
 16947 | Gauntlet | Found a runed translucent gate.
 16947 | Gauntlet | Found a runed translucent gate.
 16949 | Gauntlet | Found a transporter.
 16958 | Gauntlet | Found a large runed translucent door.
 16958 | Gauntlet | Found a large runed translucent door.
 16959 | Gauntlet | Found a large runed translucent door.
 16960 | Gauntlet | Found a large runed translucent door.
 16970 | Gauntlet | Found a transporter.
 16976 | Gauntlet | Found a transporter.
 16984 | Gauntlet | Found a transporter.
 17002 | Gauntlet | Found a transporter.
 17010 | Gauntlet | Found a transporter.
 17028 | Gauntlet | Found a transporter.
 17057 | Gauntlet | Found a large runed translucent door.
 17058 | Gauntlet | Found a large runed translucent door.
 17059 | Gauntlet | Found a large runed translucent door.
 17059 | Gauntlet | Found a large runed translucent door.
 17457 | Gauntlet | Identified the ring of Piwni {rPois EV+4}
 17532 | Gauntlet | Noticed a minotaur
 17543 | Gauntlet | Killed a minotaur
 17592 | Gauntlet | Learned a level 3 spell: Mephitic Cloud
 17597 | Gauntlet | Learned a level 4 spell: Manifold Assault
 17624 | Orc:2    | Bought a potion of ambrosia for 128 gold pieces
 17624 | Orc:2    | Bought a potion of haste for 160 gold pieces
 17624 | Orc:2    | Bought a potion of curing for 48 gold pieces
 17650 | Orc:2    | Found Elezec's Antique Armour Shop.
 17654 | Orc:2    | Bought a runed orb for 348 gold pieces
 17654 | Orc:2    | Bought a smoking robe for 165 gold pieces
 17654 | Orc:2    | Identified the +0 robe "Vol Meubb" {Str+2} (You bought it
                  | in a shop on level 2 of the Orcish Mines)
 17674 | Orc:2    | Found a runed translucent door.
 17679 | Orc:2    | Found the +10 tower shield of Ignorance {rN+ Int-4}
 17705 | Orc:2    | Found a staircase to the Elven Halls.
 17705 | Orc:2    | Found a runed translucent door.
 17752 | Orc:2    | Found Dide's Weapon Emporium.
 18176 | Orc:1    | Noticed an orc warlord
 18190 | Orc:1    | Killed an orc warlord
 18194 | Orc:1    | Noticed Jorgrun
 18201 | Orc:1    | Noticed an orc warlord
 18212 | Orc:1    | Killed from afar by Jorgrun

Illustrated notes

Levels and vault maps discovered:
D:1:      lightli_arrival_chessboard, layout_loops_cross, basic_ecumenical_altar
D:2:      layout_basic, uniq_terence
D:3:      layout_loops_cross, fedhas_altar_fruit_tree,
          chequers_serial_rivers_small_a, uniq_ijyb
D:4:      layout_gridville, mainiacjoe_overflow_swirl, grunt_ministairs_10,
          uniq_crazy_yiuf_cottage
D:5:      layout_loops_cross, general_overflow_altar,
          nicolae_tso_carved_into_rock, mainiacjoe_overflow_alcove_1,
          minmay_temple_entry_antechambers, kennysheep_pointless_box,
          uniq_edmund, uniq_sigmund
D:6:      layout_loops_cross, nicolae_qazlal_general_emergency,
          jmf_multi_god_temple2
D:7:      layout_basic, minmay_misc_feat_roman, minmay_mini_ossuary
D:8:      layout_loops_corners, grunt_gozag_breadcrumbs
D:9:      layout_basic, lair_entry_dummy
D:10:     layout_basic, kennysheep_vampire_church, serial_shops,
          kennysheep_little_box, kennysheep_cross_room, uniq_gastronok
D:11:     layout_long_grid, fungi_pond_lemuel, nicolae_ru_path_of_blood,
          uniq_urug
D:12:     layout_stronghold, hiddenorc2_lemuel, serial_undead, serial_undead_a,
          serial_undead_a, serial_undead_d, serial_undead_f, nicolae_diode_basic
Temple:   bh_familiar_temple
Lair:1:   dragon1_lemuel, layout_cave_pods, gammafunk_ghost_ooze,
          grunt_megastairs_4, uniq_joseph, uniq_nergalle
Lair:2:   layout_cave_shapes, serial_bayou_crossing, infiniplex_staircase_pool_2
Lair:3:   layout_hall_layers, elwin_shoals_entry_stream, spider_nest_entry_webs,
          st_stairs_3
Orc:1:    layout_caves, minmay_orc_temple_b, uniq_jorgrun
Orc:2:    st_orc_congregation, layout_diamond_mine, serial_shops, shop, shop,
          nicolae_shop_bloodbath_and_beyond, nicolae_shop_hallway_plus,
          gauntlet_entry_generic, chequers_guarded_unrand_ignorance

Skill      XL: |  1  2  3  4  5  6  7  8  9 10 11 12 13 |
---------------+----------------------------------------+-----
Fighting       | 2 3 4 5 6 8 9 10 | 10.0
Short Blades   | 2 3 4 5 6 7 9 10 | 10.0
Dodging        | 1 2 3 4 5 6 7 |  7.3
Stealth        | 5 6 7 8 9 10 | 10.0
Axes           | 4 6 7 |  7.4
Invocations    | 3 7 8 |  8.2
Evocations     | 2 4 5 |  5.6
Throwing       | |  1.7

Action                   |  1- 3 |  4- 6 |  7- 9 | 10-12 | 13-15 || total
-------------------------+-------+-------+-------+-------+-------++-------
Melee: Dagger            |    96 |    93 |   346 |   355 |    10 ||   900
       Tailslap          |    10 |     5 |    60 |   102 |    24 ||   201
       Punch             |     1 |       |     2 |     8 |     4 ||    15
       Broad axe         |       |       |       |   231 |   153 ||   384
Throw: Dart              |       |     4 |       |    21 |    17 ||    42
Evoke: Wand              |       |       |       |     3 |     1 ||     4
       Lightning rod     |       |       |       |       |     4 ||     4
  Use: Scroll            |     4 |     5 |    11 |    12 |     6 ||    38
       Potion            |       |       |     1 |    15 |     3 ||    19
 Stab: Sleeping          |    10 |    12 |    24 |    38 |     6 ||    90
       Distracted        |     1 |       |     2 |     1 |       ||     4
       Paralysed         |       |       |     8 |    40 |    16 ||    64
       Invisible         |       |       |       |       |     4 ||     4
Armor: Robe              |    30 |    40 |    89 |       |    87 ||   246
       Steam dragon scal |       |       |    11 |   288 |    15 ||   314
Dodge: Dodged            |    35 |    22 |   112 |   251 |   111 ||   531

Table legend: (Time is in decaauts)
 A = Elapsed time spent in this place.
 B = Non-inter-level travel time spent in this place.
 C = Inter-level travel time spent in this place.
 D = Time resting spent in this place.
 E = Time spent auto-exploring this place.
 F = Levels seen in this place.
 G = Mean time per level.
                   A        B        C        D        E       F      G
               +--------+--------+--------+--------+--------+-----+--------+
         Total |  18032 |  17596 |    436 |   2877 |  11565 |  19 |  949.1 |
       Dungeon |  12642 |  12302 |    340 |   1818 |   8595 |  12 | 1053.5 |
        Temple |     85 |     68 |     17 |      0 |     61 |   1 |   85.0 |
          Lair |   3411 |   3346 |     65 |    858 |   1983 |   3 | 1137.0 |
  Orcish Mines |   1156 |   1143 |     13 |     12 |    580 |   2 |  578.0 |
      Gauntlet |    735 |    735 |      0 |    188 |    346 |   1 |  735.0 |
               +--------+--------+--------+--------+--------+-----+--------+

Top non-repeatable levels by time:
    D:12: 2471 daAuts
  Lair:1: 2189 daAuts
     D:5: 1385 daAuts
    D:10: 1185 daAuts
    D:11: 1007 daAuts
     D:6: 953 daAuts
     D:9: 910 daAuts
     D:8: 875 daAuts
     D:1: 853 daAuts
  Lair:2: 827 daAuts
     D:7: 785 daAuts
     D:4: 759 daAuts
     D:3: 756 daAuts
Gauntlet: 735 daAuts
     D:2: 698 daAuts
